 Dungeon Crawl Stone Soup version 0.29.1-1-gd02db6906a (webtiles) character file.

Game seed: 2021891053037713865

56 Doomgape the Grave Robber (level 3, -7/26 HPs)
             Began as a Ghoul Necromancer on Sept 18, 2022.
             Mangled by an ogre
             ... wielding a +0 giant club
              (9 damage)
             ... on level 4 of the Dungeon.
             The game lasted 00:09:44 (2503 turns).

Doomgape the Grave Robber (Ghoul Necromancer)       Turns: 2503, Time: 00:09:44

Health: -7/26      AC:  3    Str: 11    XL:     3   Next: 95%
Magic:  1/6        EV: 12    Int: 12    God:
Gold:   150        SH:  0    Dex:  9    Spells: 3/7 levels left

rFire   . . .      SeeInvis .   (no weapon)
rCold   + . .      Faith    .   (no shield)
rNeg    + + +      Spirit   .   a - +1 robe
rPois   ∞          Reflect  .   (no helmet)
rElec   .          Harm     .   (no cloak)
rCorr   .          Rampage  .   (no gloves)
Will    .....                   (no boots)
Stlth   ++........              (no amulet)
HPRegen 0.00/turn               (no ring)
MPRegen 0.10/turn               (no ring)

@: inhibited regen
A: claws 1, cold resistance 1, negative energy resistance 3, inhibited
regeneration, torment resistance 2, devour on kill
a: no special abilities


You were on level 4 of the Dungeon.
You visited 1 branch of the dungeon, and saw 4 of its levels.

You collected 150 gold pieces.

Inventory:

Armour
 a - a +1 robe (worn)
Scrolls
 c - 3 scrolls of identify
Potions
 b - a potion of magic
 d - 3 potions of curing {unknown}
 e - a potion of heal wounds {unknown}
 g - a potion of flight {unknown}
 h - a potion of berserk rage {unknown}
 i - 2 potions of might {unknown}
 k - 2 potions of attraction
 l - a potion of invisibility {unknown}
 m - 3 potions of degeneration {unknown}
 n - 2 potions of haste {unknown}


   Skills:
 - Level 1.7 Dodging
 - Level 2.1 Stealth
 + Level 2.7 Spellcasting
 + Level 4.7 Necromancy


You had 3 spell levels left.
You knew the following spells:

 Your Spells              Type           Power      Damage    Failure   Level
a - Necrotise             Necr           52%        1d6       3%          1
b - Vampiric Draining     Necr           13%        2d6       11%         3

Your spell library contained the following spells:

 Spells                   Type           Power      Damage    Failure   Level
 Ignite Poison            Fire/Tmut/Pois 1%         N/A       58%         3
 Mephitic Cloud           Conj/Pois/Air  1%         N/A       58%         3
 Animate Dead             Necr           13%        N/A       34%         4
 Agony                    Necr           13%        N/A       69%         5
 Freezing Cloud           Conj/Ice/Air   0%         6-21      100%        5


Dungeon Overview and Level Annotations

Branches:
Dungeon (4/15)
 Temple: D:4-7

Altars:
Uskayaw
Xom

Portals:
Ossuary: D:4

Annotations:
D:3 Grinder


Innate Abilities, Weirdness & Mutations

You are immune to poison.
You have sharp fingernails.
Your flesh is cold resistant. (rC+)
You are immune to negative energy. (rN+++)
You do not regenerate when monsters are visible.
You are immune to unholy pain and torment.
You thrive by killing the living.


Message History

[Y]es or [N]o only, please.
The spell is quite dangerous to miscast (11% risk of failure)!
Continue anyway? [Y]es or [N]o only, please.
The spell is quite dangerous to miscast (11% risk of failure)!
Continue anyway?
Aiming: Vampiric Draining (quite dangerous; 11% risk of failure)
Press: ? - help, Shift-Dir - straight line, f/p - iguana
Aim: an iguana (lightly wounded)
You draw life force from the iguana.
You feel life coursing into your body.
The ogre shouts!
You hear a bark!
The iguana closely misses you.
Unknown command.
The iguana attacks as you move away!
The iguana bites you but does no damage.
The endoplasm attacks as you move away! The endoplasm barely misses you.
An ogre comes into view. It is wielding a +0 giant club.
The ogre shouts!
Casting: Vampiric Draining (quite dangerous; 11% risk of failure)
Confirm with . or Enter, or press ? or * to list all spells.
Aiming: Necrotise (safe; 3% risk of failure)
Press: ? - help, Shift-Dir - straight line, f/p - iguana
Aim: an iguana (moderately wounded, chance to affect: 76%)
The iguana writhes in agony.
The endoplasm barely misses you. The iguana bites you!
* * * LOW HITPOINT WARNING * * *
You scratch the iguana.
The iguana is severely wounded.
The endoplasm freezes you.
You are frozen.
You resist.
* * * LOW HITPOINT WARNING * * *
The iguana closely misses you.
Unknown command.
You closely miss the iguana.
The iguana is severely wounded.
The endoplasm freezes you.
You are frozen.
You resist. The iguana misses you.
Unknown command.
You barely miss the iguana.
The iguana is severely wounded.
The endoplasm barely misses you. The ogre hits you with a +0 giant club!
You die...

# #. .# #.##. .#
#..... ##.#
+..... .>.#
##....#####O.#
#.......KJ@..#
#........lO..#
#..$.(...l...#
#..8.........#
###[?.........<#
#..8.∩.8......##
#.............#
#....8........#
#.............#


You could see 2 ogres, 2 iguanas, an endoplasm and a kobold.

Vanquished Creatures
  An adder (D:2)
  A worm (D:2)
  A dart slug (D:2)
  7 ball pythons
  3 bats
  3 endoplasms
  A giant cockroach (D:1)
  A goblin (D:3)
  5 hobgoblins
  6 kobolds
  2 quokkas
  4 frilled lizards
  5 rats
40 creatures vanquished.

Vanquished Creatures (collateral kills)
  A ball python (D:1)
1 creature vanquished.

Grand Total: 41 creatures vanquished

Notes
Turn   | Place    | Note
-------+----------+-------------------------------------------
     0 | D:1      | Doomgape the Ghoul Necromancer began the quest for the Orb.
     0 | D:1      | Reached XP level 1. HP: 14/14 MP: 2/2
   375 | D:1      | Reached XP level 2. HP: 20/20 MP: 2/4
   793 | D:1      | HP: 1/20 [ball python (2)]
  1610 | D:2      | Reached XP level 3. HP: 26/26 MP: 3/5
  1667 | D:2      | Found a shimmering altar of Xom.
  1792 | D:2      | Learned a level 3 spell: Vampiric Draining
  2111 | D:2      | Found a faded altar of an unknown god.
  2467 | D:3      | Found a hide-covered altar of Uskayaw.
  2473 | D:3      | Noticed Grinder
  2480 | D:4      | Found a sand-covered staircase.
  2493 | D:4      | Noticed an ogre
  2499 | D:4      | Noticed an ogre
  2503 | D:4      | Mangled by an ogre

Illustrated notes

Levels and vault maps discovered:
D:1:      eino_arrival_cavern_a, layout_rooms
D:2:      minmay_general_purpose_star, layout_rooms,
          ebering_ecumenical_altar_box, basic_altar
D:3:      minmay_thinvault, layout_loops_ring,
          mainiacjoe_overflow_surrounded_room, minmay_misc_feat_more_columns,
          uniq_grinder
D:4:      layout_basic, mainiacjoe_overflow_catwalk,
          nicolae_ossuary_entry_monument, eino_tiny_chamber, corner_web_ring,
          minmay_checkerbox

Skill      XL: |  1 |
---------------+----+-----
Spellcasting   | 2 |  2.7
Dodging        | |  1.7
Stealth        | |  2.1
Necromancy     | |  4.7

Action                   || total
-------------------------++-------
Melee: Unarmed           ||    53
       Punch             ||     1
 Cast: Necrotise         ||    86
       Vampiric Draining ||     1
  Use: Scroll            ||     8
Armor: Robe              ||    26
Dodge: Dodged            ||    89
